 Dungeon Crawl Stone Soup version 0.30.0-29-ga12c61a403 (webtiles) character file.

Game seed: 11877002571261542521

296 Goreval the Slasher (level 6, -1/48 HPs)
             Began as a Barachi Reaver on June 23, 2023.
             Slain by an iguana (8 damage)
             ... on level 4 of the Dungeon.
             The game lasted 00:09:37 (4018 turns).

Goreval the Slasher (Barachi Reaver)                Turns: 4018, Time: 00:09:37

Health: -1/48      AC:  6    Str: 13    XL:     6   Next: 35%
Magic:  3/9        EV: 12    Int: 16    God:
Gold:   286        SH:  0    Dex: 10    Spells: 6/9 levels left

rFire   . . .        r - +0 long sword
rCold   . . .        (no shield)
rNeg    + . .        c - +0 leather armour
rPois   .            s - +0 helmet
rElec   .            (no cloak)
rCorr   .            l - +0 pair of gloves
SInv    .            o - +0 pair of boots
Will    .....        (no amulet)
Stlth   +            p - ring of positive energy
HPRegen 0.28/turn    (no ring)
MPRegen 0.11/turn

%: no passive effects
@: slow
A: amphibious, slowness 1, strong legs 1, +LOS
a: Hop


You were on level 4 of the Dungeon.
You visited 1 branch of the dungeon, and saw 4 of its levels.

You collected 286 gold pieces.

Inventory:

Hand Weapons
 r - a +0 long sword (weapon)
Missiles
 m - 4 poisoned darts
 u - 4 javelins
Armour
 c - a +0 leather armour (worn)
 l - a +0 pair of gloves (worn)
 o - a +0 pair of boots (worn)
 s - a +0 helmet (worn)
Magical Staves
 b - a staff of conjuration
Jewellery
 p - a ring of positive energy (left hand)
 w - an amulet of reflection
Wands
 v - a wand of charming (2)
Scrolls
 d - a scroll of noise {unknown}
 f - 3 scrolls of identify {unknown}
 h - a scroll of blinking {unknown}
 i - 4 scrolls of teleportation {unknown}
 k - a scroll of poison {unknown}
 q - a scroll of fear {unknown}
 t - a scroll of amnesia {unknown}
 x - a scroll of vulnerability {unknown}
 y - a scroll of enchant armour {unknown}
 z - a scroll of immolation {unknown}
 A - a scroll of brand weapon {unknown}
Potions
 a - a potion of curing {unknown}
 e - 3 potions of flight {unknown}
 g - a potion of attraction {unknown}
 j - a potion of heal wounds {unknown}
 n - a potion of cancellation {unknown}
 B - a potion of ambrosia {unknown}


   Skills:
 + Level 4.2 Fighting
 * Level 5.9 Long Blades
 + Level 3.8 Dodging
 - Level 2.1 Spellcasting
 - Level 4.2 Conjurations


You had 6 spell levels left.
You knew the following spells:

 Your Spells              Type           Power      Damage    Failure   Level
a - Kiss of Death         Conj/Necr      32%        2d7       11%         1
b - Momentum Strike       Conj/Tloc      16%        3d8       17%         2

Your spell library contained the following spells:

 Spells                   Type           Power      Damage    Failure   Level
 Freeze                   Ice            4%         1d3       26%         1
 Slow                     Hex            4%         N/A       26%         1
 Hailstorm                Conj/Ice       8%         3d4       32%         3
 Call Canine Familiar     Summ           1%         N/A       61%         3
 Confusing Touch          Hex            1%         N/A       61%         3
 Frozen Ramparts          Ice            2%         1d1       61%         3
 Portal Projectile        Hex/Tloc       2%         N/A       61%         3
 Vampiric Draining        Necr           1%         2d6       61%         3
 Leda's Liquefaction      Hex/Erth       0%         N/A       95%         4
 Summon Forest            Summ/Tloc      0%         N/A       100%        5
 Summon Mana Viper        Hex/Summ       1%         N/A       100%        5
 Summon Cactus Giant      Summ           0%         N/A       100%        6


Dungeon Overview and Level Annotations

Branches:
Dungeon (4/15) Zot: 19423
 Temple: D:4-7

Altars:
Gozag

Shops:
D:1 (

Annotations:
D:4 Eustachio


Innate Abilities, Weirdness & Mutations

You are amphibious.
You cover ground slowly.
You can hop short distances.
You have an extended range of vision and can be seen from far away.


Message History

Aim: Eustachio, wielding a +0 rapier and wearing a +0 leather armour (grey smoke, lightly wounded, 56% to hit)
You miscast Momentum Strike.
You are very lightly contaminated with residual magic.
Nothing appears to happen.
The rat closely misses you.
Press: ? - help, Dir - move target, f/p - Eustachio
Aim: Eustachio, wielding a +0 rapier and wearing a +0 leather armour (lightly wounded, 56% to hit)
The concentrated momentum hits Eustachio!
You are unable to move.
The rat bites you but does no damage.
You slash the rat!
You kill the rat!
The rat's corpse disappears in a puff of smoke!
You hit Eustachio.
Eustachio mumbles some strange words.
Eustachio blinks!
You hit the iguana but do no damage. The iguana bites you.
You closely miss the iguana.
The iguana bites you but does no damage.
The iguana closely misses you.
You closely miss the iguana. The iguana barely misses you.
Your magical contamination has completely faded away.
You hit the iguana. The iguana bites you!
You hit the iguana.
You are no longer robbed of momentum.
The iguana bites you but does no damage.
You hit the iguana. The iguana bites you!
You slash the iguana! The iguana barely misses you.
Eustachio gestures wildly while chanting.
You barely miss the iguana. The iguana barely misses you.
You closely miss the iguana. The iguana bites you.
You hit the iguana. The iguana barely misses you.
You hit the iguana but do no damage. The iguana bites you!
* * * LOW HITPOINT WARNING * * *
Eustachio mumbles some strange words.
Eustachio blinks!
The iguana bites you but does no damage.
You closely miss the iguana. The iguana closely misses you.
You closely miss the iguana. The iguana closely misses you.
You hit the iguana. The iguana barely misses you.
You hit the iguana but do no damage. The iguana bites you!
You die...

.## #.#.# ..# #.#.##.#
#.# #.#.##.# #.#
#.#.##.# ### #.#
###.#.##.#
....@###.####...<..#.##
..l.r..ยง....#.........#
#.#######br........##..#
#......@lr.............#
#########r.#.......##..#
####..#.#...#.#.#.#
#.....#........##.##
#.##.######.#.##.#.#
#.##.# #.....###. #.##.#
#####..#.# #.##.# #...##
#.##.# #######..###


You could see an iguana, a river rat (summoned), a bat (summoned) and 2 rats.

Vanquished Creatures
  A hound (D:4)
  A sleepcap (D:4)
  An orc wizard (D:4)
  Ijyb (D:4)
  4 gnolls (D:4)
  3 adders
  4 worms
  A dart slug (D:2)
  4 orcs (D:4)
  5 bats
  13 endoplasms
  A giant cockroach (D:2)
  8 goblins
  7 hobgoblins
  11 jackals
  9 quokkas
  8 ball pythons
  6 frilled lizards
  8 kobolds
  8 rats
104 creatures vanquished.

Notes
Turn   | Place    | Note
-------+----------+-------------------------------------------
     0 | D:1      | Goreval the Barachi Reaver began the quest for the Orb.
     0 | D:1      | Reached XP level 1. HP: 17/17 MP: 3/3
   113 | D:1      | Reached XP level 2. HP: 18/23 MP: 5/5
   128 | D:1      | Reached skill level 4 in Long Blades
   421 | D:1      | Reached XP level 3. HP: 25/28 MP: 6/6
   533 | D:1      | Found Epniery's Antique Weapon Shop.
  1287 | D:2      | Reached XP level 4. HP: 22/35 MP: 7/7
  1821 | D:2      | Learned a level 2 spell: Momentum Strike
  2883 | D:3      | Reached XP level 5. HP: 30/41 MP: 8/8
  3041 | D:4      | Noticed Ijyb
  3069 | D:4      | Killed Ijyb
  3070 | D:4      | Reached skill level 5 in Long Blades
  3437 | D:4      | Reached XP level 6. HP: 35/47 MP: 9/9
  3589 | D:4      | Found an opulent altar of Gozag.
  3957 | D:4      | Noticed Eustachio
  4018 | D:4      | Slain by an iguana

Illustrated notes

Levels and vault maps discovered:
D:1:      roderic_octagonal_star, layout_loops_cross, serial_shops, shop,
          moated_statue
D:2:      minmay_angry_zag, layout_basic, minmay_3d_cube
D:3:      layout_basic, kennysheep_generic_room_12
D:4:      layout_loops_ring, lemuel_doored_altar, uniq_ijyb, uniq_eustachio

Skill      XL: |  1  2  3  4  5 |
---------------+----------------+-----
Long Blades    | 4 5 |  5.9
Fighting       | 3 4 |  4.2
Conjurations   | 4 |  4.2
Dodging        | 3 |  3.8
Spellcasting   | |  2.1

Action                     |  1- 3 |  4- 6 || total
---------------------------+-------+-------++-------
  Melee: Falchion          |   128 |    73 ||   201
         Staff             |    60 |       ||    60
         Punch             |     3 |     3 ||     6
         Long sword        |       |   203 ||   203
   Cast: Momentum Strike   |       |     6 ||     6
         Kiss of Death     |       |     1 ||     1
 Armour: Leather armour    |    54 |    93 ||   147
  Dodge: Dodged            |   106 |   160 ||   266
